 Dungeon Crawl Stone Soup version 0.17.0-28-g6e173f8 (webtiles) character file.

4266 septik the Covert (level 10, -10/49 HPs)
             Began as a Spriggan Enchanter on Nov 29, 2015.
             Was a Believer of Nemelex Xobeh.
             Mangled by an orc knight
             ... wielding a +0 glaive
              (31 damage)
             ... in a bailey.
             The game lasted 00:32:14 (10880 turns).

septik the Covert (Spriggan Enchanter)             Turns: 10880, Time: 00:32:14

Health: -10/49     AC:  4    Str:  4      XL:     10   Next: 10%
Magic:  13/17      EV: 26    Int: 17      God:    Nemelex Xobeh [**....]
Gold:   201        SH:  0    Dex: 18 (20) Spells: 4 memorised, 8 levels left

rFire  . . .     SeeInvis +     a - +1 dagger
rCold  . . .     Clarity  .     b - +1 robe
rNeg   . . .     SustAt   .     (shield restricted)
rPois  .         Gourm    .     (helmet restricted)
rElec  .         Spirit   .     w - +0 cloak
rCorr  .         Warding  .     (gloves unavailable)
rMut   .         Stasis   .     (boots unavailable)
MR     +....                    (no amulet)
Stlth  +++.......               M - +1 ring of slaying
                                u - +5 ring of slaying

@: very quick, somewhat resistant to hostile enchantments, fairly stealthy
A: unfitting armour, see invisible, herbivore 3, speed 3, slow metabolism 2
a: Renounce Religion


You were in a bailey.
You worshipped Nemelex Xobeh.
Nemelex Xobeh was pleased with you.
You were not hungry.

You visited 2 branches of the dungeon, and saw 10 of its levels.
You also visited: Bailey.

You collected 351 gold pieces.
You spent 150 gold pieces at shops.

Inventory:

Hand Weapons
 a - a +1 dagger (weapon)
 F - a +0 whip of flaming
 O - a +1 whip of holy wrath
Missiles
 f - 3 needles of confusion
 j - 249 stones (quivered)
 r - 7 curare-tipped needles
Armour
 b - a +1 robe (worn)
 w - a +0 cloak (worn)
Jewellery
 i - a +2 ring of strength
 u - a +5 ring of slaying (left hand)
 B - an uncursed ring of poison resistance
 I - an uncursed ring of ice
 M - a +1 ring of slaying (right hand)
Wands
 o - a wand of digging (10)
Scrolls
 e - 2 scrolls of identify {unknown}
 h - 3 scrolls of teleportation {unknown}
 k - a scroll of blinking {unknown}
 m - 2 scrolls of enchant armour {unknown}
 p - 4 scrolls of fear {unknown}
 t - 3 scrolls of remove curse {unknown}
 v - 5 scrolls of immolation {unknown}
 y - 2 scrolls of random uselessness {unknown}
 C - a scroll of fog {unknown}
 H - a scroll of amnesia {unknown}
 J - a scroll of brand weapon {unknown}
 L - a scroll of enchant weapon {unknown}
 P - 2 scrolls of magic mapping {unknown}
 Q - a scroll of noise {unknown}
Potions
 g - a potion of haste {unknown}
 l - a potion of brilliance {unknown}
 n - a potion of invisibility {unknown}
 q - 2 potions of curing {unknown}
 s - a potion of might {unknown}
 x - 2 potions of agility {unknown}
 z - a potion of heal wounds {unknown}
 A - a potion of flight {unknown}
 D - 2 potions of cure mutation {unknown}
 E - a potion of mutation {unknown}
 K - a potion of magic {unknown}
 R - a potion of beneficial mutation {unknown}
Books
 c - a book of Maledictions

   Spells                             Type                      Level
   a - Corona                         Hexes                        1
   b - Ensorcelled Hibernation        Hexes/Ice                    2
   c - Confuse                        Hexes                        3
   d - Tukima's Dance                 Hexes                        3
   e - Dazzling Spray                 Conjuration/Hexes            3
 N - a book of Summonings

   Spells                             Type                      Level
   a - Recall                         Summoning/Translocation      3
   b - Aura of Abjuration             Summoning                    5
   c - Shadow Creatures               Summoning                    5
   d - Summon Demon                   Summoning                    5
   e - Summon Forest                  Summoning/Translocation      5
   f - Summon Mana Viper              Hexes/Summoning              5
Miscellaneous
 G - a plain deck of war {drawn: 2}
 S - a plain deck of war
 U - a plain deck of war
Comestibles
 d - 5 bread rations
 T - a slice of pizza


   Skills:
 - Level 3.0 Fighting
 + Level 7.1 Short Blades
 - Level 10.0 Dodging
 + Level 10.6 Stealth
 - Level 4.2 Spellcasting
 - Level 10.3 Hexes


You had 8 spell levels left.
You knew the following spells:

 Your Spells              Type           Power        Failure   Level  Hunger
a - Corona                Hex            #####..      1%          1    None
b - Ensorcelled Hibernat  Hex/Ice        ###...       2%          2    ##.....
c - Tukima's Dance        Hex            #####...     1%          3    ###....
d - Confuse               Hex            #####...     1%          3    ###....


Dungeon Overview and Level Annotations

Branches:
Dungeon (9/15)             Temple (1/1) D:5
   Lair: D:8-11         Orc: D:9-12

Altars:
Ashenzari
Cheibriados
Dithmenos
Elyvilon
Fedhas
Gozag
Kikubaaqudgha
Makhleb
Nemelex Xobeh
Okawaru
Qazlal
Ru
Sif Muna
Trog
Vehumet
Xom
Yredelemnul
Zin
The Shining One

Shops:
D:6 *


Innate Abilities, Weirdness & Mutations

You are tiny and cannot use many weapons and most armour.
You have supernaturally acute eyesight.
You are a herbivore.
You cover ground extremely quickly.
You need consume almost no food.


Message History

Moving in this stuff is going to be slow.
The orc knight shouts!
You hear a shout!
The orc knight hits you from afar with a glaive!!
Ouch! That really hurt!
Casting: Ensorcelled Hibernation
Confirm with . or Enter, or press ? or * to list all spells.
Aiming: Ensorcelled Hibernation
Press: ? - help, Shift-Dir - straight line, f - orc knight
Aim: an orc knight, wielding a glaive and wearing a plate armour (chance to defeat MR: 33%)
The orc knight easily resists.
Casting: Ensorcelled Hibernation
Confirm with . or Enter, or press ? or * to list all spells.
Aiming: Ensorcelled Hibernation
Press: ? - help, Shift-Dir - straight line, f/p - orc knight
Aim: an orc knight, wielding a glaive and wearing a plate armour (chance to defeat MR: 33%)
The orc knight easily resists.
The orc knight hits you from afar with a glaive!!
Ouch! That really hurt!
You die...
Your body glows slightly and disappears.

≈≈ ##≈oo≈≈##≈≈≈≈≈≈≈≈≈≈≈...... ≈≈
##≈≈#o''##≈≈≈≈≈≈≈≈≈≈≈.....( ≈
#oo##ooo##≈≈##≈≈≈≈≈≈≈...... ≈
#≈####'####≈##≈≈≈≈≈≈≈)....( ≈
#≈).# ..#)'≈##≈≈≈≈≈≈≈.....( #≈###
_.###≈##≈≈≈≈≈≈≈...... #≈')#
!#)'≈##≈≈≈≈≈≈≈......
#≈#########≈##≈≈≈≈≈≈≈......
#≈≈##)#)##@≈#≈≈≈≈≈≈≈≈......
##≈≈#'#'#≈≈##≈≈≈)≈≈≈≈......
##≈≈≈o≈o≈##≈≈≈≈≈≈≈≈≈..)..(
#########≈≈≈≈≈≈≈≈≈≈......
##≈≈≈≈≈≈≈≈#.#≈≈......
≈≈≈≈≈≈≈≈≈≈≈≈≈≈≈≈≈##.##≈......
o≈≈≈≈≈≈≈≈≈≈≈≈≈≈≈≈≈..^..≈......
##≈≈≈≈≈≈≈≈≈≈≈≈≈≈≈≈≈##.##≈......
#o#≈≈≈≈≈≈≈≈≈≈≈≈≈≈≈≈≈≈≈#.#≈≈......


You could see an orc knight.

Vanquished Creatures
  Sigmund (D:5)
  A wyvern (D:7)
  A hippogriff (D:8)
  Grum (D:8)
  Menkaure (D:4)
  4 wolves (D:8)
  2 orc warriors (Bailey)
  The ghost of MordorOrchid the Magician, an amateur DEIE (D:4)
  2 ice beasts
  Duvessa (D:5)
  2 phantoms (D:5)
  4 ogres
  4 slaves (D:4)
  2 centaurs
  Blork the orc (D:4)
  Dowan (D:5)
  A gnoll sergeant (D:6)
  2 giant frogs (D:7)
  2 scorpions
  A giant frog zombie (D:8)
  A crimson imp (D:5)
  4 orc wizards
  3 hounds
  3 jellies
  Crazy Yiuf (D:3)
  Ijyb (D:2)
  A centaur skeleton (D:8)
  3 centaur zombies
  2 giant frog skeletons (D:7)
  5 worker ants
  Natasha (D:2)
  2 quasits
  A killer bee zombie (D:5)
  A worker ant zombie (D:8)
  8 adders
  2 shadow imps
  6 gnolls (D:6)
  2 worms
  An adder skeleton (D:5)
  3 giant geckos
  28 orcs
  6 bats
  A giant cockroach (D:2)
  6 hobgoblins
  7 jackals
  3 quokkas
  4 ball pythons
  14 giant newts
  8 goblins
  A jackal skeleton (D:5)
  11 kobolds
  A quokka skeleton (D:6)
  8 rats
184 creatures vanquished.

Vanquished Creatures (collateral kills)
  Pikel (D:4)
  An orc warrior (Bailey)
  An ogre (D:5)
  An orc priest (D:5)
  3 orcs (Bailey)
7 creatures vanquished.

Vanquished Creatures (others)
  A dancing weapon (D:5)
1 creature vanquished.

Grand Total: 192 creatures vanquished

Notes
Turn   | Place    | Note
--------------------------------------------------------------
     0 | D:1      | septik the Spriggan Enchanter began the quest for the Orb.
     0 | D:1      | Reached XP level 1. HP: 9/9 MP: 5/5
   210 | D:1      | Reached XP level 2. HP: 13/13 MP: 6/6
   572 | D:1      | Reached skill level 5 in Stealth
   878 | D:2      | Noticed Natasha
   879 | D:2      | Reached XP level 3. HP: 12/16 MP: 8/8
   973 | D:2      | Found a faded altar to an unknown god.
  1052 | D:1      | Learned a level 2 spell: Ensorcelled Hibernation
  1056 | D:1      | Learned a level 3 spell: Tukima's Dance
  1241 | D:2      | Noticed Ijyb
  1264 | D:2      | Killed Ijyb
  1264 | D:2      | Reached skill level 6 in Stealth
  1264 | D:2      | Reached XP level 4. HP: 17/21 MP: 6/9
  1406 | D:2      | Killed Natasha
  1771 | D:3      | Found a glowing golden altar of the Shining One.
  2087 | D:3      | Noticed Crazy Yiuf
  2091 | D:3      | Killed Crazy Yiuf
  2091 | D:3      | Reached skill level 7 in Stealth
  2091 | D:3      | Reached XP level 5. HP: 24/24 MP: 10/10
  2413 | D:3      | Found a blossoming altar of Fedhas.
  3366 | D:4      | Reached skill level 8 in Stealth
  3445 | D:4      | Noticed Menkaure
  3463 | D:4      | Noticed MordorOrchid's ghost (amateur DEIE)
  3481 | D:4      | Noticed Sigmund
  3536 | D:4      | Reached XP level 6. HP: 21/28 MP: 6/11
  3578 | D:4      | Noticed an ogre
  3641 | D:4      | Killed an ogre
  3641 | D:4      | Reached skill level 5 in Short Blades
  4061 | D:4      | Learned a level 3 spell: Confuse
  4071 | D:4      | Killed Menkaure
  4075 | D:4      | Killed MordorOrchid's ghost
  4075 | D:4      | Reached skill level 1 in Fighting
  4075 | D:4      | Reached XP level 7. HP: 29/33 MP: 10/14
  4089 | D:4      | Noticed a slave
  4090 | D:4      | Noticed Pikel
  4092 | D:4      | Noticed a slave
  4108 | D:4      | Noticed a slave
  4160 | D:4      | Noticed a slave
  4176 | D:4      | Killed a slave
  4216 | D:4      | Killed a slave
  4255 | D:4      | Reached skill level 5 in Hexes
  4717 | D:4      | Killed a slave
  4738 | D:4      | Killed a slave
  5145 | D:4      | Killed Pikel
  5331 | D:4      | Noticed Blork the orc
  5336 | D:4      | Killed Blork the orc
  5336 | D:4      | Reached XP level 8. HP: 40/40 MP: 15/15
  5349 | D:5      | Entered Level 5 of the Dungeon
  5358 | D:5      | Killed Sigmund
  5496 | D:5      | Reached skill level 5 in Dodging
  5500 | D:5      | Noticed Duvessa
  5543 | D:5      | Noticed Dowan
  5746 | D:5      | Found a deep blue altar of Sif Muna.
  5810 | D:5      | Found a staircase to the Ecumenical Temple.
  5815 | Temple   | Entered the Ecumenical Temple
  6007 | Temple   | Became a worshipper of Nemelex Xobeh the Trickster
  6052 | D:5      | Killed Duvessa
  6057 | D:5      | Killed Dowan
  6532 | D:5      | Received a gift from Nemelex Xobeh
  6605 | D:5      | Found an iron altar of Okawaru.
  6704 | D:5      | HP: 2/40 [orc priest/nerve-wracking pain (6)]
  7253 | D:6      | Found Vofu's Assorted Antiques.
  7260 | D:6      | Reached skill level 9 in Hexes
  7263 | D:6      | Bought a notched sapphire ring for 125 gold pieces
  7263 | D:6      | Bought a scroll labeled ASHIOF WOHE for 25 gold pieces
  7315 | D:6      | Reached XP level 9. HP: 44/44 MP: 16/16
  7662 | D:6      | Found a white marble altar of Elyvilon.
  7662 | D:6      | Found a glowing silver altar of Zin.
  8061 | D:7      | Reached * piety under Nemelex Xobeh
  8249 | D:7      | Reached skill level 10 in Hexes
  8271 | D:7      | Found a shadowy altar of Dithmenos.
  8688 | D:8      | Reached skill level 10 in Dodging
  9020 | D:8      | Noticed Grum
  9160 | D:8      | Killed Grum
  9282 | D:8      | Received a gift from Nemelex Xobeh
  9309 | D:8      | Reached skill level 10 in Stealth
  9582 | D:8      | Reached XP level 10. HP: 44/49 MP: 14/17
  9878 | D:9      | Reached ** piety under Nemelex Xobeh
  9926 | D:9      | Found a flagged portal.
  9932 | Bailey   | Entered a bailey
 10672 | Bailey   | Received a gift from Nemelex Xobeh
 10825 | Bailey   | Found a roughly hewn altar of Beogh.
 10830 | Bailey   | Noticed an orc knight
 10880 | Bailey   | Mangled by an orc knight

Action                   |  1- 3 |  4- 6 |  7- 9 | 10-12 || total
-------------------------+-------+-------+-------+-------++-------
Melee: Dagger            |   104 |    87 |   292 |    40 ||   523
 Cast: Ensorcelled Hiber |     2 |    21 |    72 |    11 ||   106
       Tukima's Dance    |       |     3 |    24 |    14 ||    41
       Confuse           |       |     1 |    12 |     3 ||    16
Evoke: Deck              |       |       |       |     2 ||     2
 Stab: Sleeping          |    14 |    19 |    49 |     7 ||    89
       Confused          |       |     1 |     6 |       ||     7
       Distracted        |       |     1 |     1 |     2 ||     4
  Eat: Pizza             |       |     1 |       |       ||     1
       Fruit             |       |       |     8 |       ||     8
       Bread ration      |       |       |     1 |       ||     1
